 Dungeon Crawl Stone Soup version 0.18-a0-1166-g6e2d2a0 (webtiles) character file.

21807 Banto the Fighter (level 12, -2/123 HPs)
             Began as a Naga Transmuter on Jan 26, 2016.
             Was the Champion of Cheibriados.
             Slain by a bone dragon (16 damage)
             ... on level 1 of the Abyss.
             The game lasted 00:34:54 (18408 turns).

Banto the Fighter (Naga Transmuter)                Turns: 18408, Time: 00:34:55

Health: -2/123     AC:  8    Str: 28    XL:     12   Next: 93%
Magic:  11/15      EV: 15    Int: 28    God:    Cheibriados [******]
Gold:   771        SH:  0    Dex: 32    Spells: 4 memorised, 3 levels left

rFire  + . .     SeeInvis +       - Unarmed
rCold  . . .     Gourm    .     b - +0 robe
rNeg   . . .     Faith    .     (shield currently unavailable)
rPois  +         Spirit   .     H - +2 hat {SInv}
rElec  .         Dismiss  .     k - +0 cloak
rCorr  +         Reflect  .     (gloves currently unavailable)
SustAt .         Harm     .     (no barding)
MR     +....                    c - amulet of magic regeneration
Stlth  ++........               l - ring of protection from fire
                                o - ring of resist corrosion

@: blade hands (expiring), very slow, somewhat resistant to hostile
enchantments, unstealthy
A: see invisible, deformed body, mutation resistance 1, poison resistance,
slowness 2, slow metabolism 1, spit poison 2, AC +4
a: Spit Poison, End Transformation, Bend Time, Temporal Distortion, Slouch, Step
From Time, Renounce Religion


You were on level 1 of the Abyss.
You worshipped Cheibriados.
Cheibriados was exalted by your worship.
You were hungry.
You had blades for hands.
You visited 3 branches of the dungeon, and saw 14 of its levels.
You visited the Abyss 1 time.

You collected 771 gold pieces.

Inventory:

Missiles
 a - 123 arrows
 x - a throwing net (quivered)
Armour
 b - a +0 robe (worn)
 f - a +1 pair of gloves (melded)
 k - a +0 cloak (worn)
 p - a +0 shield
 H - a +2 hat of see invisible (worn)
Jewellery
 c - an amulet of magic regeneration (around neck)
 l - a ring of protection from fire (right scythe-like blade)
 o - a ring of resist corrosion (left scythe-like blade)
 D - an uncursed ring of sustain attributes
Wands
 E - a wand of magic darts (31/48)
Scrolls
 e - 14 scrolls of remove curse
 i - 2 scrolls of enchant armour
 j - 8 scrolls of identify
 q - 3 scrolls of teleportation
 u - a scroll of fog
 y - 6 scrolls of enchant weapon
Potions
 g - 5 potions of heal wounds
 h - 6 potions of curing
 s - 4 potions of flight
 t - 3 potions of agility
 z - a potion of might
Books
 r - a book of Minor Magic

   Spells                             Type                      Level
   a - Magic Dart                     Conjuration                  1
   b - Blink                          Translocation                2
   c - Call Imp                       Summoning                    2
   d - Repel Missiles                 Charms/Air                   2
   e - Slow                           Hexes                        2
   f - Conjure Flame                  Conjuration/Fire             3
   g - Mephitic Cloud                 Conjuration/Poison/Air       3
Miscellaneous
 w - a phantom mirror
 F - a stone of tremors
Comestibles
 d - 13 bread rations
 m - 2 meat rations
 A - 2 slices of pizza
 B - 21 fruits
 C - 11 beef jerkies


   Skills:
 - Level 12.5 Fighting
 + Level 4.9 Dodging
 + Level 12.1 Unarmed Combat
 - Level 2.0 Spellcasting
 - Level 10.0 Transmutations
 - Level 4.0 Ice Magic
   Level 3.0 Poison Magic


You had 3 spell levels left.
You knew the following spells:

 Your Spells              Type           Power        Failure   Level  Hunger
a - Beastly Appendage     Trmt           ######       10%         1    None
b - Sticks to Snakes      Trmt           ######..     10%         2    ##.....
d - Ice Form              Ice/Trmt       #####...     36%         4    ####...
e - Blade Hands           Trmt           ######....   32%         5    ######.


Dungeon Overview and Level Annotations

Branches:
Dungeon (11/15)            Temple (1/1) D:6            Lair (2/8) D:11
    Orc (0/2) D:11

Altars:
Ashenzari
Cheibriados
Dithmenos
Elyvilon
Fedhas
Gozag
Kikubaaqudgha
Makhleb
Nemelex Xobeh
Okawaru
Pakellas
Qazlal
Ru
Sif Muna
Trog
Vehumet
Xom
Yredelemnul
Zin
The Shining One

Shops:
D:5 *   D:9 (   D:10 }

Annotations:
D:5 exclusion: oklob plant
Lair:2 Sonja


Innate Abilities, Weirdness & Mutations

You cannot wear boots.
Your serpentine skin is tough (AC +4).
You have supernaturally acute eyesight.
Armour fits poorly on your strangely shaped body.
Your system is resistant to poisons.
You cover ground very slowly.
You have a slow metabolism.
You can spit poison.
You are somewhat resistant to further mutation.


Message History

The bone dragon misses you.
Unknown command.
Unknown command.
You slice the bone dragon!!
The bone dragon is lightly damaged.
The bone dragon bites you. The bone dragon claws you!
The bone dragon tramples you!
* * * LOW HITPOINT WARNING * * *
You stumble backwards!
You shred the bone dragon!!!
The bone dragon is heavily damaged.
Your transformation is almost over.
You hear a shout!
You slash the bone dragon!
You slash the bone dragon, but do no damage.
The bone dragon is heavily damaged.
The bone dragon bites you!!
* * * LOW HITPOINT WARNING * * *
The bone dragon claws you!
You die...

#..###....#.
#...#. # # ..#..
.#. ...##. #.#
#..#...#. ..# .#
.# . #...#..
##..# ..#
#..#..#### .#.
.. . .#
.....##....#. #.
#.. .#....##. #
...#.##.........
##. ####@...###.
# #.D.##.....
#.### ....#
##.D# ..## ....#
# ....# ... ..
.### ## #.


You could see a bone dragon.

Vanquished Creatures
  Erolcha (D:9)
  A hydra (Lair:2)
  2 hill giants (D:10)
  Pikel (D:3)
  A griffon (Lair:2)
  A large abomination (Abyss:1)
  A cyclops (D:11)
  Psyche (D:8)
  2 black mambas
  A gargoyle (D:11)
  6 spiny frogs
  An efreet (D:8)
  3 komodo dragons (Lair:2)
  A troll (D:11)
  A two-headed ogre (D:10)
  9 blink frogs
  2 spriggans
  11 yaks
  3 hippogriffs
  A hungry ghost (D:8)
  A small abomination (Abyss:1)
  9 wolves
  2 water moccasins
  7 orc warriors
  2 sky beasts
  2 ice beasts
  A slave (D:3)
  A wasp (Lair:1)
  4 ogres
  2 necrophages (D:8)
  4 phantoms
  3 centaurs
  7 crocodiles
  4 big kobolds
  2 wyvern zombies
  13 giant frogs
  A water moccasin zombie (D:9)
  A gnoll sergeant (D:7)
  8 scorpions
  4 killer bees (D:9)
  15 wights
  7 jellies
  2 crimson imps
  2 giant frog zombies
  A centaur zombie (D:7)
  8 hounds
  6 orc priests
  15 orc wizards
  A gnoll shaman (D:9)
  Crazy Yiuf (D:2)
  4 centaur skeletons
  5 giant frog skeletons
  7 iguanas
  8 worker ants
  Ijyb (D:2)
  2 hound skeletons
  11 adders
  8 gnolls
  9 river rats
  3 shadow imps
  An adder zombie (D:9)
  2 adder skeletons
  3 worms
  8 giant geckos
  39 orcs
  7 giant cockroaches
  5 goblins
  11 hobgoblins
  9 jackals
  51 kobolds
  7 quokkas
  13 bats
  A giant gecko skeleton (D:4)
  5 giant newts
  18 rats
424 creatures vanquished.

Vanquished Creatures (collateral kills)
  An orc priest (D:3)
  A gnoll (D:7)
  2 orcs
4 creatures vanquished.

Vanquished Creatures (others)
  17 fungi
  27 plants
44 creatures vanquished.

Grand Total: 472 creatures vanquished

Notes
Turn   | Place    | Note
--------------------------------------------------------------
     0 | D:1      | Banto the Naga Transmuter began the quest for the Orb.
     0 | D:1      | Reached XP level 1. HP: 18/18 MP: 3/3
    35 | D:1      | Reached XP level 2. HP: 12/25 MP: 3/5
    41 | D:1      | Learned a level 2 spell: Sticks to Snakes
   421 | D:1      | Reached XP level 3. HP: 17/31 MP: 4/6
   632 | D:2      | Found a deep blue altar of Sif Muna.
   690 | D:2      | Noticed Ijyb
   700 | D:2      | Killed Ijyb
   700 | D:2      | Reached skill level 4 in Unarmed Combat
   700 | D:2      | Reached XP level 4. HP: 30/38 MP: 5/7
   705 | D:2      | Learned a level 3 spell: Spider Form
   940 | D:2      | Gained mutation: You regenerate slowly when monsters are visible. [potion of mutation]
   940 | D:2      | Gained mutation: Your tail ends in a poisonous barb. [potion of mutation]
   940 | D:2      | Gained mutation: You do not regenerate naturally when monsters are visible. [potion of mutation]
  1236 | D:2      | Noticed Crazy Yiuf
  1247 | D:2      | Killed Crazy Yiuf
  1317 | D:2      | Reached skill level 1 in Poison Magic
  1317 | D:2      | Reached XP level 5. HP: 37/44 MP: 8/8
  1570 | D:3      | Found a burning altar of Makhleb.
  1570 | D:3      | Noticed a cacodemon
  2543 | D:4      | Reached XP level 6. HP: 23/51 MP: 9/9
  2770 | D:4      | Reached skill level 5 in Unarmed Combat
  3051 | D:4      | Reached XP level 7. HP: 20/57 MP: 10/10
  3093 | D:4      | Reached skill level 5 in Transmutations
  3369 | D:4      | Noticed Pikel
  3396 | D:3      | Killed Pikel
  3396 | D:3      | Reached skill level 6 in Unarmed Combat
  3396 | D:3      | Reached XP level 8. HP: 19/64 MP: 5/11
  3732 | D:4      | Reached skill level 7 in Unarmed Combat
  3734 | D:4      | Found a sacrificial altar of Ru.
  4139 | D:5      | Entered Level 5 of the Dungeon
  4269 | D:5      | Found Voczysisk's General Store.
  4630 | D:5      | Found a blossoming altar of Fedhas.
  4657 | D:5      | Noticed an oklob plant
  5371 | D:5      | Reached skill level 8 in Unarmed Combat
  6204 | D:5      | Reached XP level 9. HP: 40/70 MP: 12/12
  6628 | D:5      | Learned a level 4 spell: Ice Form
  6730 | D:6      | You fall through a shaft for 2 floors!
  6826 | D:7      | Reached skill level 1 in Ice Magic
  7120 | D:7      | Reached skill level 9 in Unarmed Combat
  7825 | D:6      | Found an iron altar of Okawaru.
  8258 | D:6      | Found a staircase to the Ecumenical Temple.
  8267 | Temple   | Entered the Ecumenical Temple
  8331 | Temple   | Became a worshipper of Cheibriados the Contemplative
  8609 | D:7      | Reached skill level 10 in Unarmed Combat
  8924 | D:7      | Lost mutation: Your tail ends in a poisonous barb. [potion of cure mutation]
  8924 | D:7      | Lost mutation: You do not regenerate naturally when monsters are visible. [potion of cure mutation]
  8924 | D:7      | Lost mutation: You regenerate slowly when monsters are visible. [potion of cure mutation]
  9068 | D:7      | Reached XP level 10. HP: 47/79 MP: 8/13
  9236 | D:7      | Reached * piety under Cheibriados
  9983 | D:8      | Reached skill level 11 in Unarmed Combat
 11105 | D:8      | Reached ** piety under Cheibriados
 11111 | D:8      | Noticed Psyche
 11305 | D:8      | Killed Psyche
 11867 | D:8      | Got a pitted chain mail
 11957 | D:9      | Found an ancient bone altar of Kikubaaqudgha.
 11981 | D:9      | Identified the +2 chain mail of the Doldrums {*Corrode rC++} (You found it on level 8 of the Dungeon)
 12056 | D:9      | Reached skill level 5 in Fighting
 12083 | D:9      | Reached *** piety under Cheibriados
 12251 | D:9      | Found Feesined's Weapon Emporium.
 12469 | D:9      | Noticed Erolcha
 12487 | D:9      | Killed Erolcha
 12487 | D:9      | Reached XP level 11. HP: 74/98 MP: 11/14
 12506 | D:9      | Reached skill level 10 in Transmutations
 12634 | D:10     | Entered Level 10 of the Dungeon
 12785 | D:10     | Reached **** piety under Cheibriados
 12821 | D:10     | Found Ahaiwn's Gadget Emporium.
 12901 | D:10     | Noticed a hill giant
 12907 | D:10     | Killed a hill giant
 12946 | D:10     | Noticed a hill giant
 12953 | D:10     | Killed a hill giant
 13536 | D:10     | Identified a scroll of acquirement
 13768 | D:11     | Found a staircase to the Orcish Mines.
 13829 | D:11     | Gained mutation: You are somewhat resistant to further mutation. [mutagenic meat]
 14265 | D:11     | Reached ***** piety under Cheibriados
 14368 | D:11     | Reached skill level 10 in Fighting
 14381 | D:11     | Noticed a cyclops
 14806 | D:11     | Killed a cyclops
 15252 | D:11     | Found a staircase to the Lair.
 15289 | Lair:1   | Entered Level 1 of the Lair of Beasts
 15300 | Lair:1   | Reached XP level 12. HP: 118/119 MP: 10/15
 15478 | Lair:1   | Noticed a spriggan rider
 15519 | Lair:1   | Reached skill level 12 in Fighting
 15977 | Lair:1   | Reached ****** piety under Cheibriados
 16266 | Lair:1   | Learned a level 5 spell: Blade Hands
 16868 | Lair:2   | Noticed Sonja
 18006 | Lair:2   | Noticed a six-headed hydra
 18011 | Lair:2   | Killed a six-headed hydra
 18242 | Lair:2   | Cast into level 1 of the Abyss (Sonja)
 18403 | Abyss:1  | Noticed a bone dragon
 18408 | Abyss:1  | Slain by a bone dragon

Vault maps used:
D:1:      saegor_arrival_simple_b
D:2:      old_standard_altar, first_bread, minivault_14, uniq_iyjb,
          uniq_crazy_yiuf_cottage
D:3:      makhleb_altar_promises_db
D:4:      lemuel_coloured_pillars_altar, minmay_misc_feat_doors,
          hangedman_abyss_or_decor_stagger, uniq_pikel
D:5:      minmay_goblin_kobold_castle, serial_shops, kennysheep_mini, tgw_fedhas
D:6:      minmay_temple_entry_trees, grunt_ministairs_9,
          okawaru_ov_weapons_minmay
D:8:      uniq_psyche
D:9:      basic_altar, serial_shops, shop, uniq_erolcha
D:10:     serial_shops, nicolae_shop_stone, the_bakery
D:11:     grunt_lair_entry_orc_guard_hut, orc_0_dummy, evilmike_butchery
Temple:   dpeg_three_leaves_temple_18
Lair:1:   small_statue_intersection, grunt_forest_large_clearings,
          serial_bayou_shore_b
Lair:2:   uniq_sonja

Action                   |  1- 3 |  4- 6 |  7- 9 | 10-12 || total
-------------------------+-------+-------+-------+-------++-------
Melee: Unarmed           |    75 |   142 |   427 |   640 ||  1284
Throw: Throwing net      |       |       |       |     1 ||     1
 Cast: Beastly Appendage |    11 |    10 |    12 |     5 ||    38
       Sticks to Snakes  |       |     1 |     4 |    13 ||    18
       Spider Form       |       |     1 |    11 |     3 ||    15
       Ice Form          |       |       |     3 |    31 ||    34
       Blade Hands       |       |       |       |     2 ||     2
 Abil: Spit Poison       |    14 |    27 |    33 |    21 ||    95
  Use: Scroll            |     4 |     6 |     5 |     9 ||    24
       Potion            |       |     1 |     1 |     1 ||     3
 Stab: Distracted        |       |       |     1 |     2 ||     3
       Sleeping          |       |       |     2 |     7 ||     9
       Invisible         |       |       |       |     1 ||     1
  Eat: Chunk             |       |     8 |    17 |    32 ||    57
       Pizza             |       |       |     1 |       ||     1
       Beef jerky        |       |       |     1 |       ||     1
